 Dungeon Crawl Stone Soup version 0.30-a0-879-ga8ba668304 (webtiles) character file.

Game seed: 4359519942281257431

4982 Maxmaps the Skirmisher (level 10, -2/79 HPs)
             Began as a Gnoll Hunter on Mar 13, 2023.
             Was an Initiate of Gozag.
             Killed from afar by Erica (22 damage)
             ... with a lance of force
             ... on level 8 of the Dungeon.
             The game lasted 00:09:59 (7286 turns).

Maxmaps the Skirmisher (Gnoll Hunter)               Turns: 7286, Time: 00:10:00

Health: -2/79      AC: 15    Str: 20    XL:     10   Next: 53%
Magic:  27/27      EV: 14    Int:  9    God:    Gozag
Gold:   534        SH:  0    Dex: 15    Spells: 20/20 levels left

rFire   . . .      SeeInvis .    D - +4 longbow (flame)
rCold   . . .      Faith    .    (shield currently unavailable)
rNeg    + . .      Spirit   .    g - +4 ring mail
rPois   .          Reflect  .    (no helmet)
rElec   +          Rampage  .    s - +0 cloak
rCorr   .                        E - +1 pair of gloves {Str+3}
Will    +....                    I - +0 pair of boots
Stlth   +++                      (no amulet)
HPRegen 0.33/turn                e - ring of magical power
MPRegen 0.20/turn                c - ring of the Rescuing Gods {rElec rN+ Will+ Str+6 Int-4}

@: no status effects
A: fangs 1, strong nose, distributed training
a: Renounce Religion, Potion Petition, Call Merchant, Bribe Branch


You were on level 8 of the Dungeon.
You worshipped Gozag.
Gozag was pleased with you.
You visited 1 branch of the dungeon, and saw 8 of its levels.
You also visited: Sewer.

You collected 1010 gold pieces.
You spent 424 gold pieces at shops.
You paid 52 gold pieces to Gozag.

Inventory:

Hand Weapons
 m - a +0 spear of venom
 D - a +4 longbow of flaming (weapon)
Armour
 g - a +4 ring mail (worn)
 s - a +0 cloak (worn)
 E - a +1 pair of gloves of strength (worn)
 I - a +0 pair of boots (worn)
Jewellery
 c - the ring of the Rescuing Gods (right hand) {rElec rN+ Will+ Str+6 Int-4}
   (You acquired it on level 4 of the Dungeon)

   [ring of strength]

   Str:       It affects your strength (+6).
   Int:       It affects your intelligence (-4).
   rElec:     It insulates you from electricity.
   rN:        It protects you from negative energy.
   Will:      It increases your willpower.
 e - a ring of magical power (left hand)
 l - a ring of willpower
 n - a +6 ring of intelligence
 o - an amulet of the acrobat
Wands
 a - a wand of acid (6)
 y - a wand of flame (36)
 F - a wand of roots (32)
 H - a wand of polymorph (10)
 J - a wand of digging (4)
Scrolls
 b - 2 scrolls of immolation
 f - 5 scrolls of teleportation
 i - 2 scrolls of butterflies
 t - 2 scrolls of enchant armour {unknown}
 v - 6 scrolls of identify
 A - 3 scrolls of brand weapon
 B - 2 scrolls of magic mapping {unknown}
 C - a scroll of vulnerability {unknown}
 G - a scroll of noise {unknown}
 K - a scroll of enchant weapon
 L - a scroll of amnesia {unknown}
Potions
 d - a potion of resistance
 h - 2 potions of berserk rage
 j - a potion of curing
 k - 2 potions of mutation {unknown}
 p - a potion of cancellation {unknown}
 q - 3 potions of lignification {unknown}
 r - a potion of degeneration {unknown}
 u - 2 potions of brilliance {unknown}
 w - a potion of ambrosia {unknown}
 x - a potion of might {unknown}
 z - a potion of heal wounds {unknown}
 M - a potion of flight {unknown}


   Skills:
 + Level 7.3 Fighting
 + Level 5.6 Short Blades
 + Level 5.6 Long Blades
 + Level 5.6 Axes
 + Level 5.6 Maces & Flails
 + Level 5.6 Polearms
 + Level 5.6 Staves
 + Level 10.2 Ranged Weapons
 + Level 5.6 Throwing
 + Level 5.6 Armour
 + Level 7.3 Dodging
 + Level 6.1 Stealth
 + Level 5.6 Shields
 + Level 5.6 Unarmed Combat
 + Level 5.6 Spellcasting
 + Level 4.6 Conjurations
 + Level 4.6 Hexes
 + Level 4.6 Summonings
 + Level 4.6 Necromancy
 + Level 4.6 Translocations
 + Level 4.6 Transmutations
 + Level 4.6 Fire Magic
 + Level 4.6 Ice Magic
 + Level 4.6 Air Magic
 + Level 4.6 Earth Magic
 + Level 4.6 Poison Magic
 + Level 6.1 Invocations
 + Level 5.6 Evocations


You had 20 spell levels left.
You didn't know any spells.
Your spell library contained the following spells:

 Spells                   Type           Power      Damage    Failure   Level
 Dazzling Flash           Conj/Hex       20%        N/A       17%         3
 Vhi's Electric Charge    Tloc/Air       20%        N/A       17%         3
 Agony                    Necr           10%        N/A       83%         5
 Arcjolt                  Conj/Air       5%         1d15      83%         5
 Silence                  Hex/Air        5%         N/A       83%         5
 Maxwell's Capacitive Co  Air            5%         ∞         100%        8


Dungeon Overview and Level Annotations

Branches:
Dungeon (8/15)             Temple (0/1) D:6           Sewer (visited)
   Lair: D:8-11

Altars:
Cheibriados
Dithmenos
Elyvilon
Fedhas
Gozag
Nemelex Xobeh
Okawaru
Ru
Trog
Xom

Shops:
D:4 *

Annotations:
D:5 3 runed translucent doors, Nabski's ghost, novice TeFE
D:8 Erica


Innate Abilities, Weirdness & Mutations

You have very sharp teeth.
Your uncanny sense of smell can sniff out nearby items.
Your experience applies equally to all skills.


Message History

Something hits you! Something burns you.
Unknown command.
Fire: D) +4 longbow (flame)
Press: ? - help, Q - select action, (/) - cycle Shift-Dir - straight line You shoot an arrow.
You hear some strange, mumbled words.
Something tries to affect you, but you resist.
Fire: D) +4 longbow (flame)
Press: ? - help, Q - select action, (/) - cycle Shift-Dir - straight line You shoot an arrow.
Something hits you. Something burns you.
Fire: D) +4 longbow (flame)
Press: ? - help, Q - select action, (/) - cycle Shift-Dir - straight line You shoot an arrow.
Something hits you. Something burns you.
Fire: D) +4 longbow (flame)
Press: ? - help, Q - select action, (/) - cycle Shift-Dir - straight line You shoot an arrow.
You hear some strange, mumbled words.
A lance of force appears from out of thin air!
The lance of force hits you!!
* * * LOW HITPOINT WARNING * * *
You are knocked back by the lance of force.
Fire: D) +4 longbow (flame)
Press: ? - help, Q - select action, (/) - cycle Shift-Dir - straight line You shoot an arrow.
Fire: D) +4 longbow (flame)
Press: ? - help, Q - select action, (/) - cycle Shift-Dir - straight line You shoot an arrow.
Fire: D) +4 longbow (flame)
Press: ? - help, Q - select action, (/) - cycle Shift-Dir - straight line You shoot an arrow.
Fire: D) +4 longbow (flame)
Press: ? - help, Q - select action, (/) - cycle Shift-Dir - straight line You shoot an arrow.
You hear some strange, mumbled words.
A lance of force appears from out of thin air!
The lance of force hits you!!
You die...
Your body crumbles into a pile of gold.

#########
###.......##############
##...............##.....##
#................##.......
#................##.......
#.........##.....##.......
#........@...............#
#........{................
#....####...).............
#....# #.................
##...# #.................
##...####.................
#......##.................
#........$$...............
#.......#.................


There were no monsters in sight!

Vanquished Creatures
  Pikel (D:8)
  Maggie (D:7)
  A hornet (D:8)
  6 yaks
  Sigmund (D:4)
  Eustachio (D:5)
  2 water moccasins
  Duvessa (D:7)
  4 ice beasts
  A sky beast (D:8)
  A black bear (D:7)
  4 centaurs
  2 kobold brigands (D:7)
  4 bullfrogs
  4 scorpions
  3 wights (D:8)
  Dowan (D:7)
  4 killer bees (D:8)
  A howler monkey (D:8)
  An orc priest (D:5)
  4 jellies
  2 hounds
  A sleepcap (D:6)
  Ijyb (D:4)
  2 iguanas
  5 orc wizards
  3 gnolls (D:2)
  7 adders
  A river rat (D:4)
  3 shadow imps
  An ufetubus (D:4)
  2 worms
  4 dart slugs
  13 orcs
  5 bats
  8 endoplasms
  7 giant cockroaches
  6 goblins
  10 hobgoblins
  15 jackals
  3 quokkas
  7 ball pythons
  2 frilled lizards
  17 kobolds
  4 rats
177 creatures vanquished.

Vanquished Creatures (others)
  An orc wizard (D:4)
1 creature vanquished.

Grand Total: 178 creatures vanquished

Notes
Turn   | Place    | Note
-------+----------+-------------------------------------------
     0 | D:1      | Maxmaps the Gnoll Hunter began the quest for the Orb.
     0 | D:1      | Reached XP level 1. HP: 20/20 MP: 1/1
   104 | D:1      | Reached XP level 2. HP: 26/26 MP: 1/2
   321 | D:1      | Reached XP level 3. HP: 31/31 MP: 3/3
   414 | D:1      | Reached skill level 1 in Invocations
   974 | D:2      | Reached skill level 1 in Short Blades
   974 | D:2      | Reached skill level 1 in Long Blades
   974 | D:2      | Reached skill level 1 in Axes
   974 | D:2      | Reached skill level 1 in Maces & Flails
   974 | D:2      | Reached skill level 1 in Polearms
   974 | D:2      | Reached skill level 1 in Staves
   974 | D:2      | Reached skill level 1 in Throwing
   974 | D:2      | Reached skill level 1 in Armour
   974 | D:2      | Reached skill level 1 in Shields
   974 | D:2      | Reached skill level 1 in Unarmed Combat
   974 | D:2      | Reached skill level 1 in Spellcasting
   974 | D:2      | Reached skill level 1 in Evocations
  1190 | D:2      | Reached XP level 4. HP: 38/38 MP: 5/5
  1201 | D:2      | Reached skill level 1 in Conjurations
  1201 | D:2      | Reached skill level 1 in Hexes
  1201 | D:2      | Reached skill level 1 in Summonings
  1201 | D:2      | Reached skill level 1 in Necromancy
  1201 | D:2      | Reached skill level 1 in Translocations
  1201 | D:2      | Reached skill level 1 in Transmutations
  1201 | D:2      | Reached skill level 1 in Fire Magic
  1201 | D:2      | Reached skill level 1 in Ice Magic
  1201 | D:2      | Reached skill level 1 in Air Magic
  1201 | D:2      | Reached skill level 1 in Earth Magic
  1201 | D:2      | Reached skill level 1 in Poison Magic
  1852 | D:3      | Found an opulent altar of Gozag.
  2068 | D:3      | Found a sacrificial altar of Ru.
  2100 | D:3      | Found a sparkling altar of Nemelex Xobeh.
  2181 | D:3      | Reached XP level 5. HP: 43/43 MP: 7/7
  2268 | D:3      | Identified the +4 ring mail of the Gate {*Slow Fly rC+++
                  | Str-2}
  2570 | D:4      | Identified a scroll of acquirement
  2570 | D:4      | Acquired the ring of the Rescuing Gods {rElec rN+ Will+
                  | Str+6 Int-4}
  2595 | D:4      | Found a glowing drain.
  2610 | Sewer    | Entered a sewer
  2643 | Sewer    | Noticed a water moccasin
  2653 | Sewer    | Killed a water moccasin
  2654 | Sewer    | Reached XP level 6. HP: 41/50 MP: 8/8
  2778 | D:4      | Reached skill level 5 in Fighting
  2778 | D:4      | Reached skill level 5 in Dodging
  2849 | D:4      | Reached XP level 7. HP: 45/56 MP: 10/10
  2903 | D:4      | Found an iron altar of Okawaru.
  3074 | D:4      | Found Xorph's Assorted Antiques.
  3156 | D:4      | Noticed Sigmund
  3174 | D:4      | Killed Sigmund
  3175 | D:4      | Reached skill level 9 in Ranged Weapons
  3240 | D:4      | Noticed Ijyb
  3257 | D:4      | Killed Ijyb
  3624 | D:3      | Became a worshipper of Gozag Ym Sagoz the Greedy
  3720 | D:5      | Entered Level 5 of the Dungeon
  3772 | D:5      | Noticed Eustachio
  3811 | D:5      | Killed Eustachio
  3812 | D:5      | Reached XP level 8. HP: 16/63 MP: 12/12
  3967 | D:5      | Found a runed translucent gate.
  3968 | D:5      | Found a runed translucent gate.
  3968 | D:5      | Noticed Nabski's ghost (novice TeFE)
  3971 | D:5      | Found a runed translucent gate.
  4392 | D:5      | Found a snail-covered altar of Cheibriados.
  4850 | D:6      | Found a staircase to the Ecumenical Temple.
  5326 | D:4      | Bought a glowing longbow for 237 gold pieces
  5326 | D:4      | Bought a pair of glowing gloves for 187 gold pieces
  5416 | D:7      | Reached XP level 9. HP: 65/69 MP: 14/14
  5656 | D:7      | Found a white marble altar of Elyvilon.
  5759 | D:7      | Reached skill level 5 in Stealth
  5873 | D:7      | Noticed Dowan
  5876 | D:7      | Killed Dowan
  5877 | D:7      | Found a bloodstained altar of Trog.
  5894 | D:7      | Noticed Duvessa
  5903 | D:7      | Killed Duvessa
  6134 | D:7      | Found a blossoming altar of Fedhas.
  6136 | D:7      | Reached skill level 5 in Invocations
  6167 | D:7      | Found a shimmering altar of Xom.
  6300 | D:7      | Noticed Maggie
  6310 | D:7      | Killed Maggie
  6330 | D:7      | Found a shadowy altar of Dithmenos.
  6444 | D:8      | Reached skill level 5 in Short Blades
  6444 | D:8      | Reached skill level 5 in Long Blades
  6444 | D:8      | Reached skill level 5 in Axes
  6444 | D:8      | Reached skill level 5 in Maces & Flails
  6444 | D:8      | Reached skill level 5 in Polearms
  6444 | D:8      | Reached skill level 5 in Staves
  6444 | D:8      | Reached skill level 5 in Throwing
  6444 | D:8      | Reached skill level 5 in Armour
  6444 | D:8      | Reached skill level 5 in Shields
  6444 | D:8      | Reached skill level 5 in Unarmed Combat
  6444 | D:8      | Reached skill level 5 in Spellcasting
  6444 | D:8      | Reached skill level 5 in Evocations
  6444 | D:8      | Reached XP level 10. HP: 61/77 MP: 17/17
  6460 | D:7      | Reached skill level 10 in Ranged Weapons
  6725 | D:8      | Paralysed by a hornet for 3 turns
  7210 | D:8      | Noticed Pikel
  7222 | D:8      | Killed Pikel
  7260 | D:8      | Noticed Erica
  7286 | D:8      | Killed from afar by Erica

Illustrated notes

Levels and vault maps discovered:
D:1:      dpeg_arrival_rooms_with_view, layout_basic
D:2:      layout_basic, chequers_serial_rivers_small_3, minmay_worlds_worst_comb
D:3:      layout_basic, mainiacjoe_overflow_24_doors,
          mainiacjoe_overflow_two_lobes, kennysheep_path_1
D:4:      layout_rooms, okawaru_trees_1, serial_shops,
          nicolae_shop_temple_entry_statues_fountains,
          cheibrodos_sewer_entry_sluice, uniq_ijyb, uniq_sigmund
D:5:      layout_basic, cheibrodos_worm_habitat, gammafunk_ghost_nasty_kobolds,
          uniq_eustachio
D:6:      layout_basic, minmay_temple_entry_ruins
D:7:      layout_loops_corners, nicolae_overflow_crystal_walls,
          nicolae_dithmenos_through_a_glass_darkly, bloody_trog,
          amethyst_overflow_temple_binary, minmay_misc_feat_ornament,
          uniq_maggie, uniq_duvessa
D:8:      layout_basic, nicolae_take_the_stairs, uniq_erica, uniq_grum,
          uniq_pikel

Skill      XL: |  1  2  3  4  5  6  7  8  9 10 |
---------------+-------------------------------+-----
Invocations    | 1 2 3 4 5 6 |  6.1
Short Blades   | 1 2 3 5 |  5.6
Long Blades    | 1 2 3 5 |  5.6
Axes           | 1 2 3 5 |  5.6
Maces & Flails | 1 2 3 5 |  5.6
Polearms       | 1 2 3 5 |  5.6
Staves         | 1 2 3 5 |  5.6
Throwing       | 1 2 3 5 |  5.6
Armour         | 1 2 3 5 |  5.6
Shields        | 1 2 3 5 |  5.6
Unarmed Combat | 1 2 3 5 |  5.6
Spellcasting   | 1 2 3 5 |  5.6
Evocations     | 1 2 3 5 |  5.6
Conjurations   | 1 2 3 4 |  4.6
Hexes          | 1 2 3 4 |  4.6
Summonings     | 1 2 3 4 |  4.6
Necromancy     | 1 2 3 4 |  4.6
Translocations | 1 2 3 4 |  4.6
Transmutations | 1 2 3 4 |  4.6
Fire Magic     | 1 2 3 4 |  4.6
Ice Magic      | 1 2 3 4 |  4.6
Air Magic      | 1 2 3 4 |  4.6
Earth Magic    | 1 2 3 4 |  4.6
Poison Magic   | 1 2 3 4 |  4.6
Stealth        | 3 4 5 6 |  6.1
Fighting       | 5 6 7 |  7.3
Dodging        | 5 6 7 |  7.3
Ranged Weapons | 9 10 | 10.2

Action                     |  1- 3 |  4- 6 |  7- 9 | 10-12 || total
---------------------------+-------+-------+-------+-------++-------
  Melee: Spear             |       |       |    17 |       ||    17
         Punch             |       |       |     1 |       ||     1
         Bite              |       |       |     1 |       ||     1
   Fire: Shortbow          |    92 |   142 |   169 |       ||   403
         Longbow           |       |       |    92 |   104 ||   196
    Use: Scroll            |       |     8 |       |     2 ||    10
         Potion            |       |       |     3 |       ||     3
 Armour: Ring mail         |     7 |    32 |    82 |    31 ||   152
  Dodge: Dodged            |    13 |    38 |   123 |    71 ||   245

Table legend: (Time is in decaauts)
 A = Elapsed time spent in this place.
 B = Non-inter-level travel time spent in this place.
 C = Inter-level travel time spent in this place.
 D = Time resting spent in this place.
 E = Time spent auto-exploring this place.
 F = Levels seen in this place.
 G = Mean time per level.
                   A        B        C        D        E       F      G
               +--------+--------+--------+--------+--------+-----+--------+
         Total |   7425 |   6911 |    514 |    492 |   5171 |   9 |  825.0 |
       Dungeon |   7261 |   6747 |    514 |    492 |   5067 |   8 |  907.6 |
         Sewer |    163 |    163 |      0 |      0 |    103 |   1 |  163.0 |
               +--------+--------+--------+--------+--------+-----+--------+

Top non-repeatable levels by time:
     D:7: 1137 daAuts
     D:4: 1012 daAuts
     D:1: 953 daAuts
     D:3: 952 daAuts
     D:5: 934 daAuts
     D:2: 797 daAuts
     D:8: 780 daAuts
     D:6: 694 daAuts
   Sewer: 163 daAuts
